AoeStats
← Imperador Snow

Arabia

509795753Analyzed
1v1 RM · 4d ago on Sep 28, 2026· 57m 6s· 2 players
Game mode
Random Map
Map size
Tiny (2 player)
Population
200
Speed
Normal
Resources
Standard
Victory
Conquest
Starting age
Dark Age
Ending age
Imperial Age
RankedLock teamsTeams togetherTeam positionsShared explorationLock speedFull tech treeHidden civsTurbo modeCheats
Victory
Defeat
🇹🇼 Mongols · Taiwan
1148
+14
🇧🇷 Varangians · Brazil
1104
-14
Imperador Snow
6:26 Loom
9:16 Feudal Age
9:43 Double-Bit Axe
17:56 Bloodlines
24:08 Castle Age
22:33 Scale Barding Armor
22:38 Forging
23:00 Gold Mining
24:28 Light Cavalry
25:30 Bow Saw
25:05 Horse Collar
26:00 Heavy Plow
29:09 Chain Barding Armor
28:52 Husbandry
30:25 Stone Mining
33:09 Iron Casting
38:17 Vendel Legacy
44:49 Wheelbarrow
44:00 Town Watch
46:11 Hand Cart
48:47 Imperial Age
49:25 Cavalier
52:40 Elite Skirmisher
53:30 Fletching
53:40 Padded Archer Armor
55:28 Conscription
54:31 Elite Jarl
Little Prince
6:00 Loom
8:49 Feudal Age
9:31 Double-Bit Axe
13:41 Town Watch
19:33 Fletching
22:49 Castle Age
22:52 Wheelbarrow
22:17 Gold Mining
22:29 Horse Collar
23:49 Husbandry
24:57 Bow Saw
25:08 Bow Saw
28:31 Bodkin Arrow
28:56 Padded Archer Armor
29:19 Bloodlines
29:58 Squires
31:37 Ballistics
30:52 Pikeman
32:35 Padded Archer Armor
32:53 Thumb Ring
37:49 Imperial Age
36:15 Nomads
36:56 Gold Shaft Mining
36:57 Leather Archer Armor
38:18 Hand Cart
37:57 Heavy Cavalry Archer
43:06 Chemistry
42:12 Siege Engineers
43:23 Bracer
45:42 Murder Holes
46:55 Light Cavalry
49:34 Conscription
51:27 Forging
51:22 Scale Barding Armor
53:14 Capped Ram
Connection lost

Rejoining the realm…

Still unreachable

The connection could not be restored.

Session expired

The server has moved on; the page needs a fresh start.